 Dungeon Crawl Stone Soup version 0.30.0-20-g3615ddf2f0 (webtiles) character file.

Game seed: 16198192988480199414

3999 qw the Cleaver (level 10, 0/64 HPs)
             Began as a Gargoyle Fighter on May 31, 2023.
             Was a Follower of Okawaru.
             Killed by divine providence
             ... invoked by an orc priest
              (11 damage)
             ... on level 8 of the Dungeon.
             The game lasted 00:04:34 (8198 turns).

qw the Cleaver (Gargoyle Fighter)                   Turns: 8198, Time: 00:04:34

Health: 0/64       AC: 23    Str: 21    XL:     10   Next: 23%
Magic:  13/13      EV: 11    Int: 12    God:    Okawaru [*.....]
Gold:   691        SH:  7    Dex: 15    Spells: 9/9 levels left

rFire   . . .        Y - +0 war axe
rCold   . . .        c - +0 buckler
rNeg    + . .        s - +0 chain mail
rPois   inf          p - +0 helmet
rElec   +            (no cloak)
rCorr   .            m - +2 pair of gloves
SInv    +            (no boots)
Will    .....        (no amulet) Stlth
                     h - ring of Ulyihocs {Str-4 Int+4 Dex+6 Slay+2}
HPRegen 0.30/turn    g - ring of see invisible
MPRegen 0.13/turn

%: no passive effects
@: heroic
A: sickness immunity, AC +7, negative energy resistance 1, electricity
resistance, torment resistance 1, petrification resistance
a: Renounce Religion, Heroism


You were on level 8 of the Dungeon.
You worshipped Okawaru.
Okawaru was aware of your devotion.
You visited 2 branches of the dungeon, and saw 9 of its levels.
You also visited: Sewer and Ossuary.

You collected 691 gold pieces.


Innate Abilities, Weirdness & Mutations

You are immune to sickness and miasma.
Your stone body is resilient. (AC +7)
You are immune to poison.
You resist negative energy. (rN+)
You are resistant to electric shocks. (rElec)
You are resistant to unholy torment.
You are immune to petrification.


   Skills:
 - Level 8.0(13.0) Fighting
 - Level 10.2(15.2) Axes
 + Level 5.0(10.0) Armour
 - Level 2.0(7.0) Dodging
 - Level 5.0(10.0) Shields
 - Level 4.2 Invocations


You had 9 spell levels left.
You didn't know any spells.
Your spell library was empty.

Inventory:

Hand Weapons
 q - a +1 heavy flail
 Y - a +0 war axe (weapon)
Armour
 c - a +0 buckler (worn)
 m - a +2 pair of gloves (worn)
 p - a +0 helmet (worn)
 s - a +0 chain mail (worn)
Jewellery
 g - a ring of see invisible (right hand)
 h - the ring of Ulyihocs (left hand) {Str-4 Int+4 Dex+6 Slay+2}
   (You found it in a sewer)

   [ring of dexterity]

   Str:       It affects your strength (-4).
   Int:       It affects your intelligence (+4).
   Dex:       It affects your dexterity (+6).
   Slay:      It affects your accuracy & damage with ranged weapons and melee
   (+2).
Scrolls
 i - a scroll of identify
Potions
 d - 3 potions of might
 e - a potion of lignification
 f - 9 potions of curing
 j - a potion of resistance
 k - a potion of attraction
 o - a potion of mutation
 r - a potion of brilliance {unknown}

Dungeon Overview and Level Annotations

Branches:
Dungeon (8/15)             Temple (1/1) D:4            Lair (0/5) D:8
  Sewer (visited)         Ossuary (visited)

Altars:
Ashenzari
Cheibriados
Elyvilon
Fedhas
Gozag
Hepliaklqana
Nemelex Xobeh
Okawaru
Qazlal
Ru
Sif Muna
Uskayaw
Vehumet
Wu Jian
Xom
Yredelemnul
Zin
The Shining One


Message History

The gnoll sergeant is engulfed in a cloud of scalding steam.
The gnoll sergeant hits you but does no damage.
You slash the gnoll sergeant!
You kill the gnoll sergeant!
Okawaru accepts your kill.
You hit the steam dragon but do no damage.
The steam dragon bites you but does no damage.
The steam dragon barely misses you.
The orc throws a stone.
The stone closely misses you.
You slash the steam dragon!
The steam dragon is moderately wounded.
The steam dragon closely misses you. The steam dragon misses you.
You slice the gnoll!!
You kill the gnoll!
Okawaru accepts your kill.
You hit the steam dragon. You barely miss the orc. You hit the orc.
The steam dragon barely misses you. The steam dragon claws you.
The orc closely misses you.
You slash the orc!
You kill the orc!
Okawaru accepts your kill.
You barely miss the steam dragon. You barely miss the orc.
You hit the orc priest. You slash the steam dragon!
The steam dragon is almost dead.
You closely miss the orc. You slash the orc priest!
You kill the orc priest!
Okawaru accepts your kill.
The steam dragon bites you but does no damage.
The steam dragon claws you but does no damage.
The orc barely misses you.
Your base Shields skill increases to level 5!
You slash the steam dragon!
You kill the steam dragon!
Okawaru accepts your kill.
The steam dragon scales are intact enough to wear.
You hit the orc. You slash the orc priest!
The orc priest mumbles some strange prayers to Beogh against you.
Beogh smites you!
You die...

#. . #. ...##
..#. #...####
.... #....## #
####..# # ##.#
##))#
#[@#¤o....!
#.oo#oo....$
#.)........>..
#......##.......
....... .......
....... #......
....... ......
......: ...


You could see an orc priest and an orc.

Vanquished Creatures
  A hornet (D:8)
  4 yaks (D:8)
  2 steam dragons
  2 wargs (D:8)
  A water moccasin (D:7)
  Edmund (D:6)
  An orc warrior (D:7)
  Duvessa (D:6)
  2 ice beasts
  2 ogres
  3 centaurs
  2 bullfrogs (Sewer)
  A gnoll sergeant (D:8)
  6 scorpions
  Dowan (D:6)
  A howler monkey (D:6)
  7 hounds
  A jelly (D:7)
  3 orc priests
  A gnoll bouda (D:7)
  An iguana (D:7)
  2 orc wizards (D:7)
  2 sleepcaps (D:7)
  8 mummies (Ossuary)
  11 adders
  25 gnolls
  A shadow imp (D:7)
  2 white imps
  4 worms
  A dart slug (D:2)
  11 orcs
  4 bats
  16 endoplasms
  15 giant cockroaches
  2 gnoll zombies (Ossuary)
  28 goblins
  28 hobgoblins
  5 jackals
  7 kobolds
  7 quokkas (Sewer)
  14 ball pythons
  8 frilled lizards
  3 hobgoblin zombies (Ossuary)
  2 kobold zombies (Ossuary)
  An orc zombie (Ossuary)
  4 rats
255 creatures vanquished.

Vanquished Creatures (others)
  An angel (D:7)
  A warg (D:8)
  An orc priest (D:8)
  A gnoll (D:8)
4 creatures vanquished.

Grand Total: 259 creatures vanquished

Notes
Turn   | Place    | Note
-------+----------+-------------------------------------------
     0 | D:1      | qw the Gargoyle Fighter began the quest for the Orb.
     0 | D:1      | Reached XP level 1. HP: 14/14 MP: 1/1
     0 | D:1      | 0 ||| qw: Version: 0.2-a-102-gfc559e5
     0 | D:1      | 0 ||| qw: Game counter: 603
     0 | D:1      | 0 ||| qw: Always use a shield: true
     0 | D:1      | 0 ||| qw: God list: Okawaru
     0 | D:1      | 0 ||| qw: Allow faded altars: false
     0 | D:1      | 0 ||| qw: Do Orc after D:15 true
     0 | D:1      | 0 ||| qw: Do second Lair branch before Depths: true
     0 | D:1      | 0 ||| qw: Lair rune preference: random
     0 | D:1      | 0 ||| qw: Plans: Normal, Zot:1-4, Slime:5, God:TSO, Crypt,
                  | Tomb, Pan, Hells, Abyss, Win
     0 | D:1      | 0 ||| PLANNING D:1-11
    69 | D:1      | Reached skill level 2 in Axes
    79 | D:1      | Reached XP level 2. HP: 19/19 MP: 2/2
   152 | D:1      | 152 ||| Stepping ~*~*~tactically~*~*~ (stealth).
   497 | D:1      | 497 ||| READING 2 scrolls labelled DUGRES QUVI.
   502 | D:1      | 502 ||| READING 2 scrolls labelled YRYDUNO JUOM.
   603 | D:1      | 603 ||| READING scroll labelled EKAMYDE SUOMA.
   604 | D:1      | 604 ||| READING scroll labelled POIROU DUZXU.
   605 | D:1      | 605 ||| DROPPING scroll of silence.
   613 | D:2      | 613 ||| Stepping ~*~*~tactically~*~*~ (hiding).
   620 | D:2      | Reached skill level 3 in Axes
   626 | D:2      | Reached XP level 3. HP: 23/23 MP: 3/3
   975 | D:2      | 975 ||| DROPPING +0 club.
  1019 | D:2      | 1019 ||| Stepping ~*~*~tactically~*~*~ (stealth).
  1024 | D:2      | 1024 ||| Stepping ~*~*~tactically~*~*~ (stealth).
  1225 | D:2      | 1225 ||| READING scroll labelled ZIOGAY HYEKOY.
  1226 | D:2      | 1226 ||| READING 2 scrolls labelled TATINI KOAT.
  1227 | D:2      | 1227 ||| DRINKING 4 yellow potions.
  1228 | D:2      | 1228 ||| READING 3 scrolls of identify.
  1228 | D:2      | 1228 ||| IDENTIFYING white potion
  1229 | D:2      | 1229 ||| READING 2 scrolls of identify.
  1229 | D:2      | 1229 ||| IDENTIFYING sapphire potion
  1230 | D:2      | 1230 ||| DROPPING scroll of vulnerability.
  1253 | D:3      | 1253 ||| PLANNING SEWER
  1253 | D:3      | Found a white marble altar of Elyvilon.
  1370 | D:3      | Reached XP level 4. HP: 28/28 MP: 4/4
  1386 | D:3      | Found a glowing drain.
  1387 | D:3      | 1387 ||| READING 2 scrolls labelled WATEIQ ATIS.
  1388 | D:3      | 1388 ||| DROPPING scroll of immolation.
  1402 | D:3      | Reached skill level 4 in Axes
  1421 | Sewer    | Entered a sewer
  1494 | Sewer    | 1494 ||| Stepping ~*~*~tactically~*~*~ (water).
  1666 | Sewer    | Reached XP level 5. HP: 31/32 MP: 5/5
  1726 | Sewer    | 1726 ||| Stepping ~*~*~tactically~*~*~ (water).
  1736 | Sewer    | 1736 ||| Stepping ~*~*~tactically~*~*~ (water).
  1876 | Sewer    | 1876 ||| Stepping ~*~*~tactically~*~*~ (water).
  1897 | Sewer    | Reached skill level 5 in Axes
  1916 | Sewer    | 1916 ||| Stepping ~*~*~tactically~*~*~ (water).
  1923 | Sewer    | HP: 7/32 [bullfrog (5)]
  1924 | Sewer    | 1924 ||| READING 2 scrolls of teleportation.
  1925 | Sewer    | HP: 2/32 [bullfrog (2)]
  2095 | Sewer    | Reached XP level 6. HP: 36/39 MP: 6/6
  2122 | Sewer    | 2122 ||| Stepping ~*~*~tactically~*~*~ (water).
  2132 | Sewer    | Reached skill level 1 in Dodging
  2187 | Sewer    | Identified the ring of Ulyihocs {Str-4 Int+4 Dex+6 Slay+2}
  2192 | Sewer    | 2192 ||| UPGRADING to ring of Ulyihocs {Str-4 Int+4 Dex+6
                  | Slay+2}.
  2193 | Sewer    | 2193 ||| READING scroll labelled VOESINU VECLI.
  2208 | D:3      | 2208 ||| PLANNING D:1-11
  2447 | D:3      | Found an opulent altar of Gozag.
  2591 | D:3      | 2591 ||| UPGRADING to ring of see invisible.
  2758 | D:4      | Found a staircase to the Ecumenical Temple.
  2759 | D:4      | 2759 ||| PLANNING TEMPLE
  2801 | Temple   | Entered the Ecumenical Temple
  2835 | Temple   | 2835 ||| PLANNING D:1-11
  2873 | D:4      | Reached skill level 6 in Axes
  2873 | D:4      | Reached XP level 7. HP: 44/44 MP: 7/7
  3027 | D:4      | 3027 ||| Stepping ~*~*~tactically~*~*~ (hiding).
  3175 | D:4      | HP: 9/44 [gnoll/+0 halberd (6)]
  3176 | D:4      | 3176 ||| READING 2 scrolls of teleportation.
  3178 | D:4      | HP: 4/44 [gnoll/+0 halberd (4)]
  3821 | D:4      | 3821 ||| Stepping ~*~*~tactically~*~*~ (hiding).
  4201 | D:4      | 4201 ||| READING scroll labelled BEATZU BEHYN.
  4202 | D:4      | 4202 ||| DRINKING 3 puce potions.
  4203 | D:4      | 4203 ||| DROPPING 2 potions of magic.
  4250 | D:5      | Entered Level 5 of the Dungeon
  4251 | D:5      | 4251 ||| PLANNING OSSUARY
  4262 | D:5      | Reached skill level 7 in Axes
  4340 | D:5      | Found a hazy altar of Hepliaklqana.
  4409 | D:5      | Noticed a +0 spear
  4411 | D:5      | Noticed a +0 falchion
  4411 | D:5      | Noticed a +0 falchion
  4412 | D:5      | Noticed a +0 short sword
  4433 | D:5      | Reached XP level 8. HP: 36/50 MP: 8/8
  4509 | D:5      | 4509 ||| Stepping ~*~*~tactically~*~*~ (stealth).
  4512 | D:5      | 4512 ||| Stepping ~*~*~tactically~*~*~ (stealth).
  4514 | D:5      | 4514 ||| Stepping ~*~*~tactically~*~*~ (hiding).
  4515 | D:5      | 4515 ||| Stepping ~*~*~tactically~*~*~ (hiding).
  4661 | D:5      | Noticed a +0 dagger
  4661 | D:5      | Noticed a +0 spear
  4662 | D:5      | Noticed a +0 dagger
  4663 | D:5      | Noticed a +0 short sword
  4664 | D:5      | Found a hide-covered altar of Uskayaw.
  4726 | D:5      | Found a snail-covered altar of Cheibriados.
  4732 | D:5      | Found an iron altar of Okawaru.
  4737 | D:5      | Found a blossoming altar of Fedhas.
  4920 | D:5      | Found a sand-covered staircase.
  4921 | D:5      | 4921 ||| UPGRADING to +0 pair of gloves.
  4926 | D:5      | 4926 ||| READING scroll of enchant armour.
  4926 | D:5      | 4926 ||| ENCHANTING +0 pair of gloves.
  4927 | D:5      | 4927 ||| READING 2 scrolls of identify.
  4927 | D:5      | 4927 ||| IDENTIFYING bubbling purple potion
  4933 | Ossuary  | Entered an ossuary
  5275 | Ossuary  | 5275 ||| READING scroll labelled XEENUCVOGH.
  5310 | Ossuary  | 5310 ||| DRINKING 2 fuming white potions.
  5311 | Ossuary  | 5311 ||| READING 3 scrolls of identify.
  5311 | Ossuary  | 5311 ||| IDENTIFYING glowing grey potion
  5312 | Ossuary  | 5312 ||| READING 2 scrolls of identify.
  5312 | Ossuary  | 5312 ||| IDENTIFYING fuming purple potion
  5313 | Ossuary  | 5313 ||| DROPPING potion of flight.
  5337 | D:5      | 5337 ||| PLANNING OKAWARU WORSHIP
  5391 | D:5      | Became a worshipper of Warmaster Okawaru
  5391 | D:5      | 5391 ||| PLANNING D:1-11
  5472 | D:6      | 5472 ||| STAIRDANCE
  5476 | D:6      | 5476 ||| STAIRDANCE
  5480 | D:6      | 5480 ||| STAIRDANCE
  5484 | D:6      | 5484 ||| STAIRDANCE
  5488 | D:6      | 5488 ||| STAIRDANCE
  5492 | D:6      | 5492 ||| STAIRDANCE
  5496 | D:6      | 5496 ||| STAIRDANCE
  5500 | D:6      | 5500 ||| STAIRDANCE
  5504 | D:6      | 5504 ||| STAIRDANCE
  5508 | D:6      | 5508 ||| STAIRDANCE
  5512 | D:6      | 5512 ||| STAIRDANCE
  5516 | D:6      | 5516 ||| STAIRDANCE
  5520 | D:6      | 5520 ||| STAIRDANCE
  5524 | D:6      | 5524 ||| STAIRDANCE
  5528 | D:6      | 5528 ||| STAIRDANCE
  5532 | D:6      | 5532 ||| STAIRDANCE
  5536 | D:6      | 5536 ||| STAIRDANCE
  5540 | D:6      | 5540 ||| STAIRDANCE
  5544 | D:6      | 5544 ||| STAIRDANCE
  5548 | D:6      | 5548 ||| STAIRDANCE
  5578 | D:6      | 5578 ||| Stepping ~*~*~tactically~*~*~ (hiding).
  5581 | D:6      | 5581 ||| Stepping ~*~*~tactically~*~*~ (hiding).
  5618 | D:6      | Noticed Duvessa
  5619 | D:6      | 5619 ||| Stepping ~*~*~tactically~*~*~ (hiding).
  5621 | D:6      | 5621 ||| Stepping ~*~*~tactically~*~*~ (hiding).
  5622 | D:6      | 5622 ||| Stepping ~*~*~tactically~*~*~ (hiding).
  5622 | D:6      | Noticed Dowan
  5632 | D:6      | Killed Duvessa
  5633 | D:6      | Reached skill level 8 in Axes
  5633 | D:6      | Killed Dowan
  5636 | D:6      | Reached skill level 6 in Fighting
  5732 | D:6      | 5732 ||| Stepping ~*~*~tactically~*~*~ (stealth).
  5812 | D:6      | Reached * piety under Okawaru
  5816 | D:6      | 5816 ||| FLEEEEING.
  5817 | D:6      | 5817 ||| FLEEEEING.
  5818 | D:6      | 5818 ||| FLEEEEING.
  5911 | D:6      | Noticed Edmund
  5912 | D:6      | 5912 ||| INVOKING Heroism.
  5929 | D:6      | Killed Edmund
  6014 | D:6      | 6014 ||| DROPPING +0 flail.
  6041 | D:6      | Reached skill level 9 in Axes
  6041 | D:6      | Reached XP level 9. HP: 55/55 MP: 9/9
  6041 | D:6      | 6041 ||| INVOKING Heroism.
  6078 | D:6      | 6078 ||| Stepping ~*~*~tactically~*~*~ (stealth).
  6207 | D:6      | Reached skill level 1 in Invocations
  6332 | D:6      | 6332 ||| Stepping ~*~*~tactically~*~*~ (stealth).
  6334 | D:6      | 6334 ||| INVOKING Heroism.
  6524 | D:6      | 6524 ||| UPGRADING to +0 helmet.
  6529 | D:6      | 6529 ||| UPGRADING to +0 chain mail.
  6539 | D:6      | 6539 ||| DROPPING +0 scale mail.
  6540 | D:6      | 6540 ||| READING 2 scrolls labelled REISIN JAUWYWN.
  6541 | D:6      | 6541 ||| DROPPING scroll of fear.
  6824 | D:6      | Found a glowing golden altar of the Shining One.
  6980 | D:7      | Identified the +4 short sword of the Skies Above {drain,
                  | rC+ Str+3}
  7109 | D:7      | Found a shimmering altar of Xom.
  7111 | D:7      | Noticed an angel
  7115 | D:7      | Found a glowing silver altar of Zin.
  7136 | D:7      | 7136 ||| INVOKING Heroism.
  7221 | D:7      | Killed an angel
  7286 | D:7      | 7286 ||| Stepping ~*~*~tactically~*~*~ (hiding).
  7341 | D:7      | 7341 ||| INVOKING Heroism.
  7350 | D:7      | Reached skill level 3 in Invocations
  7357 | D:7      | 7357 ||| INVOKING Heroism.
  7368 | D:7      | HP: 10/57 [gnoll bouda/+0 whip (6)]
  7369 | D:7      | 7369 ||| READING 2 scrolls of teleportation.
  7370 | D:7      | 7370 ||| DRINKING potion of heal wounds.
  7374 | D:7      | 7374 ||| INVOKING Heroism.
  7611 | D:7      | 7611 ||| INVOKING Heroism.
  7663 | D:7      | 7663 ||| READING scroll of enchant armour.
  7663 | D:7      | 7663 ||| ENCHANTING +1 pair of gloves.
  7702 | D:7      | Found a stormy altar of Qazlal.
  7720 | D:7      | 7720 ||| READING scroll labelled YLATYAR RARPHI.
  7721 | D:7      | 7721 ||| READING 2 scrolls of identify.
  7721 | D:7      | 7721 ||| IDENTIFYING fuming ruby potion
  7722 | D:7      | 7722 ||| DROPPING potion of degeneration.
  7778 | D:8      | Noticed a hornet
  7787 | D:8      | 7787 ||| INVOKING Heroism.
  7793 | D:8      | Killed a hornet
  7909 | D:8      | 7909 ||| INVOKING Heroism.
  7916 | D:8      | HP: 7/57 [yak (12)]
  7917 | D:8      | 7917 ||| READING scroll of teleportation.
  7920 | D:8      | Reached skill level 10 in Axes
  7920 | D:8      | Reached XP level 10. HP: 9/63 MP: 11/13
  8171 | D:8      | 8171 ||| Stepping ~*~*~tactically~*~*~ (stealth).
  8172 | D:8      | 8172 ||| Stepping ~*~*~tactically~*~*~ (stealth).
  8174 | D:8      | Found a staircase to the Lair.
  8176 | D:8      | 8176 ||| INVOKING Heroism.
  8191 | D:8      | HP: 11/64 [steam dragon] (6)]
  8198 | D:8      | Killed from afar by an orc priest

Levels and vault maps discovered:
D:1:      minmay_arrival_four_houses, layout_rooms
D:2:      layout_loops_ring
D:3:      kennysheep_big_flooded_room, layout_rooms,
          mainiacjoe_overflow_tiny_flanked, mainiacjoe_overflow_24_doors,
          gup_sewer_entry_glass
D:4:      minmay_goblin_kobold_castle, layout_basic, minmay_temple_entry_grid
D:5:      layout_cave_pools, nicolae_uskayaw_en_pointe,
          nicolae_overflow_hidden_temple, minmay_overflow_temple_star_quad,
          enter_ossuary_2
D:6:      layout_basic, tso_oasis_becter, uniq_edmund, uniq_duvessa
D:7:      layout_rooms, grunt_temple_overflow_order_and_chaos_1,
          nicolae_qazlal_style_of_elements, grunt_ministairs_15,
          serial_bayou_pond_c
D:8:      layout_cave_pods, erik_lair_orcish_takeover
Temple:   hellmonk_temple_of_storms

Skill      XL: |  1  2  3  4  5  6  7  8  9 10 |
---------------+-------------------------------+-----
Axes           | 2 3 4 5 6 7 9 10 | 10.2
Fighting       | 4 5 6 7 8 |  8.0
Dodging        | 1 2 |  2.0
Shields        | 4 5 |  5.0
Invocations    | 4 |  4.2
Armour         | 5 |  5.0

Action                     |  1- 3 |  4- 6 |  7- 9 | 10-12 || total
---------------------------+-------+-------+-------+-------++-------
  Melee: War axe           |    87 |   242 |   391 |    33 ||   753
  Throw: Boomerang         |     6 |     1 |     8 |       ||    15
 Invoke: Heroism           |       |       |    10 |     1 ||    11
    Use: Scroll            |     8 |     3 |    13 |       ||    24
         Potion            |     1 |       |     3 |       ||     4
 Armour: Scale mail        |    51 |   151 |   127 |       ||   329
         Chain mail        |       |       |    52 |    22 ||    74
  Dodge: Dodged            |    41 |   112 |   188 |    32 ||   373
  Block: Buckler           |    20 |    55 |   114 |    11 ||   200

Table legend:
 A = Non-vault XP
 B = Vault XP
 C = Vault XP percentage of total XP
 D = Non-vault monster count
 E = Vault monster count
 F = Vault count percentage of total count
                 A         B        C        D         E       F
            +---------+---------+-------+---------+---------+-------
      Total |    4023 |    1872 |  31.8 |     121 |     135 |  52.7
            +---------+---------+-------+---------+---------+-------
        D:1 |      28 |       0 |   0.0 |      17 |       0 |   0.0
        D:2 |      21 |       0 |   0.0 |      10 |       0 |   0.0
        D:3 |      96 |      23 |  19.3 |      18 |       6 |  25.0
        D:4 |     241 |     237 |  49.6 |      15 |      60 |  80.0
        D:5 |     465 |       0 |   0.0 |      14 |       0 |   0.0
        D:6 |     996 |     362 |  26.7 |      14 |       3 |  17.6
        D:7 |     802 |     271 |  25.3 |      23 |       2 |   8.0
        D:8 |    1374 |     526 |  27.7 |      10 |       5 |  33.3
      Sewer |       0 |     296 | 100.0 |       0 |      43 | 100.0
    Ossuary |       0 |     157 | 100.0 |       0 |      16 | 100.0
            +---------+---------+-------+---------+---------+-------
